AoeStats
← xSIDEHACKx

Lombardia

509965789Analyzed
4v4 RM · 3d ago on Sep 28, 2026· 90m 8s· 8 players
Game mode
Random Map
Map size
Large (8 player)
Population
200
Speed
Normal
Resources
Standard
Victory
Conquest
Starting age
Dark Age
Ending age
Imperial Age
RankedLock teamsTeams togetherTeam positionsShared explorationLock speedFull tech treeHidden civsTurbo modeCheats
Victory
Defeat
🇪🇸 Burgundians · Spain
741
+7
🇺🇸 Romans · United States
691
+9
🇺🇸 Jurchens · United States
585
+13
🇺🇸 Bohemians · United States
548
+14
🇳🇱 Romans · Netherlands
534
-11
🇩🇪 Malians · Germany
520
-11
🇦🇷 Koreans · Argentina
518
-11
🇺🇸 Saxons · United States
507
-10
Cool
11:56 Feudal Age
12:39 Double-Bit Axe
16:28 Horse Collar
20:55 Castle Age
19:04 Gold Mining
19:04 Stone Mining
19:11 Stone Mining
22:28 Loom
23:20 Wheelbarrow
25:14 Gold Shaft Mining
24:52 Bow Saw
26:00 Caravan
35:42 Imperial Age
33:30 Hand Cart
34:21 Heavy Plow
36:52 Guilds
37:13 Coinage
38:23 Fletching
38:43 Forging
38:33 Scale Mail Armor
40:20 Two-Man Saw
39:54 Crop Rotation
41:49 Town Watch
42:37 Bodkin Arrow
43:34 Fortified Wall
43:20 Murder Holes
43:36 Masonry
43:07 Treadmill Crane
43:49 Ballistics
47:57 Town Patrol
47:22 Shield Wall
49:29 Chain Mail Armor
49:49 Iron Casting
49:15 Bracer
51:44 Plate Mail Armor
52:01 Squires
51:48 Gambesons
51:49 Arson
53:02 Elite Varangian Guard
55:57 Banking
55:59 Conscription
Ykaru_C
12:05 Feudal Age
10:21 Loom
13:18 Double-Bit Axe
13:17 Horse Collar
18:15 Gold Mining
23:37 Castle Age
23:14 Fletching
25:51 Crossbowman
25:51 Elite Skirmisher
27:11 Thumb Ring
29:41 Heavy Plow
32:02 Wheelbarrow
32:02 Bodkin Arrow
33:35 Bow Saw
49:18 Imperial Age
49:20 Arbalester
50:24 Caravan
52:20 Bracer
57:24 Two-Man Saw
56:52 Heavy Rocket Cart
60:21 Elite War Wagon
70:46 Pikeman
71:27 Squires
71:12 Arson
71:32 Halberdier
80:27 Chemistry
79:50 Ballistics
wildebird
14:24 Feudal Age
15:14 Double-Bit Axe
16:26 Wheelbarrow
15:41 Horse Collar
16:38 Stone Mining
16:39 Gold Mining
26:13 Castle Age
25:06 Scale Barding Armor
27:32 Hand Cart
27:41 Bow Saw
29:09 Gold Shaft Mining
28:54 Caravan
29:25 Coinage
29:41 Stone Shaft Mining
30:57 Husbandry
31:08 Bloodlines
33:42 Chain Barding Armor
38:44 Imperial Age
37:11 Fortified Wall
37:23 Ballistics
37:06 Heated Shot
37:23 Heavy Plow
37:08 Crossbowman
42:08 Chemistry
41:49 Plate Barding Armor
41:23 Farimba
41:51 Cavalier
42:51 Pikeman
43:32 Squires
45:03 Scale Mail Armor
45:04 Padded Archer Armor
44:55 Fletching
45:15 Forging
48:22 Chain Mail Armor
48:42 Iron Casting
48:03 Bodkin Arrow
48:24 Leather Archer Armor
49:20 Thumb Ring
48:35 Arbalester
harrold sweigermeister
11:00 Feudal Age
12:25 Double-Bit Axe
12:35 Horse Collar
17:59 Wheelbarrow
22:42 Castle Age
26:29 Bloodlines
25:52 Man-at-Arms
26:58 Hand Cart
27:36 Light Cavalry
32:17 Long Swordsman
34:27 Forging
34:18 Scale Mail Armor
34:20 Padded Archer Armor
34:10 Fletching
34:26 Scale Barding Armor
34:57 Pikeman
40:59 Ballistics
43:19 Gold Mining
43:20 Stone Mining
44:40 Gold Shaft Mining
57:27 Imperial Age
58:07 Town Watch
61:25 Halberdier
DON FOL3Y
0:34 Loom
14:26 Feudal Age
16:48 Horse Collar
17:34 Gold Mining
17:54 Double-Bit Axe
20:05 Wheelbarrow
21:37 Man-at-Arms
22:03 Arson
23:44 Stone Mining
30:57 Castle Age
30:45 Bloodlines
31:41 Husbandry
34:00 Hand Cart
33:58 Fletching
34:09 Padded Archer Armor
34:50 Heavy Plow
36:54 Bow Saw
37:39 Squires
37:24 Gambesons
39:37 Gold Shaft Mining
39:52 Stone Shaft Mining
39:36 Scale Mail Armor
39:34 Elite Skirmisher
41:53 Bodkin Arrow
42:14 Leather Archer Armor
42:15 Chain Mail Armor
42:50 Fortified Bastions
43:23 Ballistics
48:21 Guard Tower
49:41 Light Cavalry
55:12 Caravan
58:41 Imperial Age
59:57 Conscription
59:51 Thunderclap Bombs
61:42 Chemistry
60:30 Arrowslits
61:42 Crop Rotation
62:18 Two-Man Saw
62:11 Heavy Rocket Cart
63:59 Bracer
64:30 Ring Archer Armor
64:11 Forging
64:06 Scale Barding Armor
63:49 Hussar
65:40 Fortified Wall
65:13 Treadmill Crane
65:44 Masonry
65:02 Elite Steppe Lancer
69:02 Elite Fire Lancer
74:21 Chain Barding Armor
74:37 Iron Casting
75:34 Elite Iron Pagoda
BLAZ306
0:47 Loom
12:00 Feudal Age
12:25 Horse Collar
12:35 Double-Bit Axe
13:35 Wheelbarrow
12:47 Town Watch
14:34 Gold Mining
28:11 Castle Age
26:27 Scale Mail Armor
26:37 Forging
25:53 Man-at-Arms
27:58 Fletching
28:57 Heavy Plow
29:13 Bow Saw
29:41 Gold Shaft Mining
29:27 Squires
30:41 Iron Casting
30:23 Chain Mail Armor
29:54 Long Swordsman
31:46 Iron Casting
33:33 Hand Cart
33:23 Caravan
33:55 Coinage
35:08 Ballistics
35:43 Stone Mining
35:54 Bodkin Arrow
39:55 Imperial Age
40:08 Masonry
42:25 Chemistry
41:32 Siege Engineers
41:07 Legionary
41:10 Pikeman
42:54 Blast Furnace
42:28 Crop Rotation
42:34 Halberdier
42:40 Heavy Scorpion
44:20 Capped Ram
45:31 Town Patrol
46:08 Banking
45:49 Guilds
45:42 Murder Holes
46:44 Siege Ram
53:04 Ballistas
53:21 Conscription
52:32 Sappers
53:25 Comitatenses
66:38 Elite Centurion
68:12 Architecture
76:52 Fortified Wall
76:35 Guard Tower
76:56 Careening
76:57 Clinker Construction
77:08 Shipwright
80:46 Scale Barding Armor
80:42 Padded Archer Armor
82:06 Carvel Hull
82:24 Keep
xSIDEHACKx
1:19 Loom
13:42 Feudal Age
15:14 Wheelbarrow
14:36 Horse Collar
28:48 Double-Bit Axe
32:25 Castle Age
34:59 Caravan
36:23 Crossbowman
37:33 Husbandry
40:50 Imperial Age
40:37 Heavy Plow
41:40 Bow Saw
44:39 Two-Man Saw
44:42 Arbalester
45:46 Cavalier
51:35 Forging
51:31 Scale Barding Armor
51:26 Scale Mail Armor
51:27 Padded Archer Armor
51:18 Fletching
56:15 Iron Casting
56:01 Chain Barding Armor
55:57 Chain Mail Armor
55:57 Leather Archer Armor
55:38 Bodkin Arrow
57:40 Hand Cart
57:54 Pikeman
58:42 Squires
58:28 Arson
61:51 Ballistics
62:37 Chemistry
63:45 Houfnice
66:34 Blast Furnace
66:05 Plate Mail Armor
66:06 Ring Archer Armor
65:37 Bracer
89:05 Spies/Treason
DOLAR2305
2:38 Loom
6:46 Double-Bit Axe
8:38 Wheelbarrow
16:16 Feudal Age
17:12 Hand Cart
17:11 Bow Saw
17:05 Gold Mining
17:10 Stone Mining
18:23 Gold Shaft Mining
18:47 Stone Shaft Mining
24:49 Castle Age
23:40 Horse Collar
26:58 Forging
26:54 Scale Barding Armor
27:21 Heavy Plow
31:00 Cavalier
31:41 Husbandry
35:20 Imperial Age
38:17 Iron Casting
38:02 Chain Barding Armor
39:21 Paladin
41:07 Blast Furnace
43:06 Conscription
42:53 Burgundian Vineyards
45:37 Light Cavalry
46:58 Plate Barding Armor
46:59 Hussar
51:21 Chemistry
50:17 Murder Holes
53:50 Caravan
54:22 Coinage
54:04 Guilds
54:03 Town Watch
60:16 Bombard Tower
59:37 Treadmill Crane
69:25 Banking
74:01 Capped Ram
85:16 Spies/Treason
Connection lost

Rejoining the realm…

Still unreachable

The connection could not be restored.

Session expired

The server has moved on; the page needs a fresh start.